 Dungeon Crawl Stone Soup version 0.22.1-2-g9c5b331383 (webtiles) character file.

97 McIrco the Sneak (level 4, -1/33 HPs)
             Began as a Vampire Assassin on Jan 6, 2019.
             Slain by Natasha (10 damage)
             ... on level 2 of the Dungeon.
             The game lasted 00:03:29 (4948 turns).

McIrco the Sneak (Vampire Assassin)                 Turns: 4948, Time: 00:03:29

Health: -1/33      AC:  3    Str: 10    XL:     4   Next: 42%
Magic:  4/4        EV: 14    Int: 13    God:
Gold:   50         SH:  0    Dex: 16    Spells: 3/3 levels left

rFire    . . .     SeeInvis +   a - +2 dagger
rCold    + + .     Gourm    .   (no shield)
rNeg     + + +     Faith    .   c - +0 robe
rPois    ∞         Spirit   .   (no helmet)
rElec    .         Reflect  .   d - +0 cloak
rCorr    .         Harm     .   (no gloves)
MR       .....                  (no boots)
Stlth    +++++.....             (no amulet)
HPRegen  0.00/turn              (no ring)
MPRegen  0.09/turn              (no ring)

@: bloodless, non-regenerating, slowed, very slow
A: fangs 3, see invisible, unbreathing
a: Bat Form


You were on level 2 of the Dungeon.
You were bloodless.

You visited 1 branch of the dungeon, and saw 2 of its levels.

You collected 50 gold pieces.

Inventory:

Hand Weapons
 a - a +2 dagger (weapon)
 b - a +0 blowgun
Missiles
 e - 25 poisoned needles
Armour
 c - a +0 robe (worn)
 d - a +0 cloak (worn)
Scrolls
 g - 2 scrolls of identify {unknown}
 j - 2 scrolls of teleportation {unknown}
 k - a scroll of fear {unknown}
 l - 3 scrolls of remove curse {unknown}
 n - a scroll of magic mapping {unknown}
Potions
 h - 9 potions of blood
 i - a potion of ambrosia {unknown}
 m - a potion of brilliance {unknown}


   Skills:
 - Level 2.0 Fighting
 - Level 3.0 Short Blades
 - Level 2.0 Throwing
 + Level 3.5 Dodging
 - Level 6.0 Stealth


You had 3 spell levels left.
You didn't know any spells.
Your spell library was empty.

Dungeon Overview and Level Annotations

Branches:
Dungeon (2/15)

Altars:

Annotations:
D:2 Natasha, Terence


Innate Abilities, Weirdness & Mutations

You do not heal naturally.
You are immune to poison.
You have razor-sharp teeth.
You have supernaturally acute eyesight. (SInv)
You can survive without breathing.


Message History

You hit Natasha but do no damage.
Natasha is moderately wounded.
Natasha completely misses you.
You closely miss Natasha. Your bite misses Natasha.
Natasha is moderately wounded.
Natasha misses you.
You closely miss Natasha. You bite Natasha.
You draw Natasha's blood!
You feel better.
You feel slightly less thirsty.
Natasha is moderately wounded.
Natasha stares at you and mumbles some strange words.
You feel yourself slow down.
You hit Natasha. You bite Natasha.
You draw Natasha's blood!
You feel better.
You feel slightly less thirsty.
Natasha is almost dead.
Natasha claws you!
* * * LOW HITPOINT WARNING * * *
You barely miss Natasha.
Natasha is almost dead.
Natasha claws you!
You die...

#.#####...
.....####..(......
#......... ...
....'..>).....
#.#####.## #(.
.####......... #.#
... ##....†..# #.#
#.# ##.....## #####.#
#)# ##..g## ....).#
#.# ##@## #.##### #.#
#.# #.# #@# #)# #.#
####h###########.####
#.#
#...@5..@.....@......
..#
#K##.#..######.....##
### #h
#.#..#######....# #.
#...............# #.
###..#######..### #.
#..#######..# #.
#...........#


You could see Terence, an iron imp and Natasha.

Vanquished Creatures
  3 gnolls (D:2)
  3 adders (D:2)
  An ooze (D:2)
  A worm (D:2)
  2 leopard geckos
  5 bats
  6 giant cockroaches
  2 hobgoblins (D:2)
  3 kobolds
  A quokka (D:2)
  4 frilled lizards
  2 goblins (D:2)
  4 rats
37 creatures vanquished.

Notes
Turn   | Place    | Note
-------+----------+-------------------------------------------
     0 | D:1      | McIrco the Vampire Assassin began the quest for the Orb.
     0 | D:1      | Reached XP level 1. HP: 16/16 MP: 1/1
  2468 | D:1      | Reached skill level 6 in Stealth
  2630 | D:1      | Reached XP level 2. HP: 22/22 MP: 2/2
  3364 | D:2      | Reached XP level 3. HP: 27/27 MP: 3/3
  4820 | D:2      | Noticed Terence
  4845 | D:2      | Reached XP level 4. HP: 33/33 MP: 2/4
  4929 | D:2      | Noticed Natasha
  4948 | D:2      | Slain by Natasha

Skill      XL: |  1  2  3 |
---------------+----------+-----
Stealth        | 6 |  6.0
Fighting       | 2 |  2.0
Throwing       | 2 |  2.0
Short Blades   | 3 |  3.0
Dodging        | 3 |  3.5

Action                   |  1- 3 |  4- 6 || total
-------------------------+-------+-------++-------
Melee: Dagger            |    84 |    11 ||    95
       Bite              |     6 |     2 ||     8
 Fire: Blowgun           |     5 |    15 ||    20
 Abil: End Transformatio |     1 |     1 ||     2
       Bat Form          |     1 |     1 ||     2
  Use: Potion            |     2 |       ||     2
 Stab: Sleeping          |    18 |       ||    18
       Distracted        |     1 |       ||     1
Armor: Robe              |    16 |     1 ||    17
Dodge: Dodged            |    31 |    25 ||    56
